[Event "*** Titled Tuesday 3|2 Blitz"]
[Site "Chess.com"]
[Date "2016.05.03"]
[Round "8"]
[White "yian123"]
[Black "HansCoolNiemann"]
[Result "1-0"]
[WhiteElo "2451"]
[BlackElo "2267"]
[TimeControl "180+2"]
[EndTime "12:44:37 PDT"]
[Termination "yian123 won by checkmate"]

1. e4 g6 2. d4 Bg7 3. Nc3 c6 4. h3 d5 5. Nf3 dxe4 6. Nxe4 Nf6 7. Nxf6+ Bxf6 8. Bh6 Qa5+ 9. c3 Qh5 10. Qd2 Bf5 11.
Be2 Be4 12. Ne5 Qh4 13. g3 Qxh6 14. Qxh6 Bxh1 15. Ng4 Nd7 16. Nxf6+ Nxf6 17. f3 Rg8 18. Qe3 Bg2 19. h4 h5 20. Kf2 Bh3 21. Bc4 Bf5 22. Qe5 Kf8 23. Re1 Re8 24. Qc7 Bc8 25. Bb3 g5 26.
hxg5 Rxg5 27. Re5 Rg6 28. a4 a6 29. a5 Rh6 30. Rg5 Nh7 31. Rc5 Rd6 32. Rxh5 Kg7 33. Bxf7 Rf8 34. Qxe7 Rd7 35. Rxh7+ Kxh7 36. Qxf8 Rc7 37.
Qg8+ Kh6 38. Qg6# 1-0

[Event "*** Titled Tuesday 3|2 Blitz"]
[Site "Chess.com"]
[Date "2016.05.03"]
[Round "8"]
[White "jsdbv"]
[Black "hellokostya"]
[Result "1-0"]
[WhiteElo "2338"]
[BlackElo "2272"]
[TimeControl "180+2"]
[EndTime "12:44:39 PDT"]
[Termination "jsdbv won by resignation"]

1. e4 c5 2. Nf3 e6 3. d4 cxd4 4.
Nxd4 Nc6 5. Nc3 Qc7 6. Be2 Nf6 7. O-O Be7 8. Be3 d6 9. g4 a6 10. g5 Nd7 11. f4 b5 12. Nxc6 Qxc6 13. Qd4 e5 14.
fxe5 dxe5 15. Qd5 Qxd5 16. Nxd5 Bd8 17. Kg2 Bb7 18. Bg4 Bxd5 19. exd5 Ke7 20. d6+ Ke8 21. c3 Rb8 22. Bxd7+ Kxd7 23. Rxf7+ Kxd6 24. Ra7 Kd5 25. Rxg7 Ke4 26. Re1 Kf5 27. Rf1+ Ke4 28. Bc5 Bb6 29. Bxb6 Rxb6 30. Re7 Rg8 31. h4 Rd6 32. Re1+ Kf4 33. R1xe5 Rd2+ 34. Re2 Rxe2+ 35. Rxe2 h6 36. Rf2+ Ke4 37.
Kg3 hxg5 38. h5 a5 39. Kg4 Kd3 40. h6 b4 41. cxb4 axb4 42. h7 Rh8 43. Rh2 1-0

[Event "*** Titled Tuesday 3|2 Blitz"]
[Site "Chess.com"]
[Date "2016.05.03"]
[Round "8"]
[White "pKiLz5Rn9b"]
[Black "SmoothAsAHedgehog"]
[Result "0-1"]
[WhiteElo "2399"]
[BlackElo "2533"]
[TimeControl "180+2"]
[EndTime "12:44:39 PDT"]
[Termination "SmoothAsAHedgehog won by resignation"]

1. e4 e5 2. Nf3 Nc6 3. Bc4 Bc5 4. c3 Nf6 5. d3 d6 6. Nbd2 Bb6 7. h3 Ne7 8. Bb3 Ng6 9. Nf1 h6 10. Ng3 O-O 11. O-O Nh7 12. d4 Qf6 13. Be3 Ng5 14. Nxg5 hxg5 15. Nf5 Bxf5 16. exf5 Qxf5 17.
Bc2 Qf6 18. Qh5 exd4 19. Bxg5 Qe5 20. Rae1 Qc5 21. Bb3 Qf5 22. Kh2 Nf4 23. Qh4 Ng6 24. Qg3 Rae8 25. cxd4 Bxd4 26. f4 d5 27. Qf3 c6 28. g4 Qd7 29. f5 Ne5 30. Qg3 f6 31. Bc1 Bc5 32. g5 Bd6 33. Kh1 Nc4 34. Qg4 Rxe1 35. Rxe1 Ne5 36. Qg2 Qxf5 37. Rf1 Qe6 38. gxf6 Rxf6 39. Re1 Rg6 40. Qh2 Qf5 41. Re3 Qf1+ 0-1

[Event "*** Titled Tuesday 3|2 Blitz"]
[Site "Chess.com"]
[Date "2016.05.03"]
[Round "8"]
[White "Winehouse83"]
[Black "Zazuliak"]
[Result "0-1"]
[WhiteElo "2352"]
[BlackElo "2378"]
[TimeControl "180+2"]
[EndTime "12:44:42 PDT"]
[Termination "Zazuliak won by resignation"]

1. d4 Nf6 2. c4 g6 3. Nc3 Bg7 4. e4 d6 5. Be2 O-O 6. Bg5 Na6 7. f4 h6 8. Bh4 c5 9. d5 Qb6 10.
Qd2 e6 11. Nf3 exd5 12. exd5 Bf5 13. O-O Rfe8 14. Bxf6 Bxf6 15. Bd3 Bxd3 16. Qxd3 Nb4 17. Qd2 Re7 18. a3 Na6 19. Rae1 Rae8 20. Nb5 Nc7 21. a4 Nxb5 22. axb5 a6 23. bxa6 bxa6 24. Rxe7 Rxe7 25.
f5 g5 26. Re1 Rxe1+ 27. Qxe1 Qxb2 28. Qe8+ Kg7 29. Qc6 Qc1+ 30. Kf2 Qxc4 31. Qxd6 Qc2+ 32. Kg3 Qxf5 33. h3 c4 34. Kh2 c3 35. Qc6 c2 36. d6 Qf4+ 37. g3 Qxf3 38. Qxf3 c1=Q 0-1

[Event "*** Titled Tuesday 3|2 Blitz"]
[Site "Chess.com"]
[Date "2016.05.03"]
[Round "8"]
[White "Rickstereo"]
[Black "GMVladimir_Petkov"]
[Result "1-0"]
[WhiteElo "2212"]
[BlackElo "2254"]
[TimeControl "180+2"]
[EndTime "12:44:43 PDT"]
[Termination "Rickstereo won by resignation"]

1. c4 e5 2. Nc3 Bb4 3. Nd5 a5 4. Nf3 e4 5. Nd4 Nc6 6. Nb5 Bd6 7.
d3 exd3 8. Nxd6+ cxd6 9. Qxd3 Nge7 10. Bg5 f6 11. Be3 Nxd5 12. Qxd5 Nb4 13. Qd2 Ra6 14. a3 Nc6 15. f4 a4 16. Bf2 Qa5 17. Rd1 Ke7 18.
e4 Qxd2+ 19. Rxd2 Ra5 20. Bb6 Ra6 21. Bc7 Na5 22. c5 dxc5 23. Bxa6 Nb3 24. Bd6+ Kd8 25.
Bc4 Nxd2 26. Kxd2 b6 27. e5 Bb7 28. Rg1 fxe5 29. fxe5 Bc6 30. g3 h5 31. Rf1 h4 32.
Rf8+ Rxf8 33. Bxf8 g5 34. gxh4 gxh4 35. Bh6 h3 36.
Bg5+ Kc7 37. Ke3 Bg2 38. Bb5 d5 39. exd6+ Kxd6 40. Bxa4 Kd5 41. Bb3+ c4 42. Bc2 b5 43. Bf6 Bh1 44. Bd4 Bg2 45. Bd1 Bh1 46. Bg4 Bg2 47. Bc8 Kd6 48. Kf4 Kc7 49. Bf5 Kd6 50. Be4 Bf1 51. Kg3 Ke6 52. Bc6 Kd6 53. Bxb5 Kd5 54. Bc3 Kc5 55. Bd7 Bg2 56. Bxh3 Be4 57. Bg2 Bd3 58.
h4 Kb5 59. Kf4 Ka4 60. Kg5 Be2 61. h5 Bd3 62. h6 Kb3 63. Bh3 Bh7 64. Bf5 Bg8 65.
Kf6 Ka2 66. Kg7 Bh7 67. Kxh7 1-0

[Event "*** Titled Tuesday 3|2 Blitz"]
[Site "Chess.com"]
[Date "2016.05.03"]
[Round "8"]
[White "chito89"]
[Black "GeorgMeier"]
[Result "0-1"]
[WhiteElo "2679"]
[BlackElo "2761"]
[TimeControl "180+2"]
[EndTime "12:44:44 PDT"]
[Termination "GeorgMeier won by resignation"]

1. e4 e6 2. Qe2 c5 3. g3 Nc6 4. c3 Nf6 5. Bg2 d5 6. exd5 Nxd5 7.
Nf3 Be7 8. O-O O-O 9. Rd1 Bf6 10. Na3 b6 11. d4 cxd4 12. cxd4 Bb7 13. h4 Rc8 14.
Bg5 h6 15. Bxf6 Qxf6 16. Ne5 Rfd8 17. Rac1 Nxd4 18. Qe4 Rxc1 19. Rxc1 Nc3 20. Qxb7 Nce2+ 21. Kh2 Nxc1 22. f4 Nxa2 23. Qxa7 b5 24. Qc7 Nb4 25. Ng4 Nf3+ 26. Kh3 Ng1+ 27. Kh2 Nf3+ 28. Bxf3 Qxb2+ 29.
Kh3 Rf8 30. Nxb5 Nd3 31. Qd7 Qd2 32. h5 Nf2+ 33. Nxf2 Qxd7 34. Nc3 Qd4 35. Ncd1 Rc8 36. Ng4 Rc1 37. Nge3 Qd2 38. Kg4 Ra1 39. f5 Ra4+ 40.
Kh3 Ra3 41. fxe6 fxe6 42. Nc4 Qd3 43. Nde3 Rc3 44. Bg4 Rxc4 45. Bxe6+ Kf8 46. Nxc4 Qe4 0-1

[Event "*** Titled Tuesday 3|2 Blitz"]
[Site "Chess.com"]
[Date "2016.05.03"]
[Round "8"]
[White "MinhGTrAn"]
[Black "spectralsoul"]
[Result "0-1"]
[WhiteElo "2618"]
[BlackElo "2561"]
[TimeControl "180+2"]
[EndTime "12:45:06 PDT"]
[Termination "spectralsoul won by resignation"]

1. d4 Nf6 2. c4 e6 3. Nc3 Bb4 4.
e3 c5 5. Ne2 b6 6. a3 Ba5 7. Bd2 Bb7 8. b4 cxb4 9. Nb5 Ne4 10. axb4 a6 11. Nbc3 Nxd2 12. bxa5 Nxc4 13. axb6 Nxb6 14.
Rb1 Bc6 15. Nf4 d5 16. Be2 O-O 17. O-O N8d7 18. Qb3 Qe7 19. Rfc1 Rfb8 20. Qa2 a5 21. h3 Nf6 22. Nb5 Rc8 23. Nd3 Nc4 24. Nc5 Nd7 25. Bxc4 dxc4 26. Qxc4 Qg5 27. g3 Nf6 28.
Nxe6 Qf5 29. Nf4 Bxb5 30. Qb3 Bc6 31. Rc5 Qe4 32. Kh2 h6 33. Rbc1 Qf3 34. R5c2 g5 35.
Qb6 Nd7 0-1

[Event "*** Titled Tuesday 3|2 Blitz"]
[Site "Chess.com"]
[Date "2016.05.03"]
[Round "8"]
[White "hypert"]
[Black "Iball95"]
[Result "0-1"]
[WhiteElo "2341"]
[BlackElo "2489"]
[TimeControl "180+2"]
[EndTime "12:45:12 PDT"]
[Termination "Iball95 won by resignation"]

1. e4 e6 2. d4 d5 3. Nc3 Nf6 4. e5 Nfd7 5. f4 c5 6. Nf3 Be7 7. Be2 O-O 8. O-O b6 9. Be3 f5 10.
Kh1 Nc6 11. Rg1 cxd4 12. Nxd4 Nxd4 13. Bxd4 Bb7 14. g4 Nc5 15. gxf5 Rxf5 16. Qf1 Qf8 17. Qg2 Rxf4 18. Raf1 g6 19. Qg3 Rxf1 20. Rxf1 Qh6 21. Bg4 Rf8 22. Rxf8+ Qxf8 23. Kg1 Qf7 24.
Qh3 Kg7 25. b4 Ne4 26. Nxe4 dxe4 27. Bxe6 Qf4 28. Bc4 Qc1+ 29. Qf1 Qxf1+ 30. Kxf1 Bxb4 31. e6+ Kf8 32. Bf6 Be7 33. Bd4 Bd6 34. h4 Ke7 35.
Kf2 Bc8 36. Bd5 Bxe6 37. Bxe4 Bxa2 38. h5 Bf7 39. c3 Bc5 40. Ke3 gxh5 41. Bxh7 a5 42. Ke4 Bxd4 43. Kxd4 a4 44. c4 a3 45. Kc3 Bxc4 0-1

[Event "*** Titled Tuesday 3|2 Blitz"]
[Site "Chess.com"]
[Date "2016.05.03"]
[Round "8"]
[White "Yaacovn"]
[Black "Boryboy"]
[Result "1/2-1/2"]
[WhiteElo "2576"]
[BlackElo "2541"]
[TimeControl "180+2"]
[EndTime "12:45:21 PDT"]
[Termination "Game drawn by repetition"]

1. d4 c5 2. c3 Nf6 3. Nf3 e6 4. Bg5 h6 5. Bh4 Nc6 6. e3 b6 7. Nbd2 Bb7 8. Bd3 Be7 9. O-O O-O 10. Qe2 Rc8 11. Ba6 Bxa6 12. Qxa6 d5 13. a4 c4 14.
Bxf6 Bxf6 15. b3 cxb3 16. Nxb3 Qc7 17. Rfc1 e5 18. h3 e4 19. Nfd2 Be7 20. a5 Nb8 21. Qb5 Qc6 22. Qxc6 Nxc6 23. axb6 axb6 24. c4 f5 25. cxd5 Nb4 26. Rxc8 Rxc8 27. g4 g6 28.
Ra7 Nxd5 29. Rd7 Rd8 30. Rb7 Bd6 31. gxf5 gxf5 32. Nc4 Bc7 33. Kf1 Rb8 34. Ra7 b5 35.
Ne5 Bxe5 36. dxe5 Re8 37. Rb7 Rxe5 38. Nd4 f4 39. Rxb5 fxe3 40. Nc6 Re6 41. Nd4 Re5 42. Nc6 Re6 43. Nd4 Re5 44. Nc6 Re6 1/2-1/2

[Event "*** Titled Tuesday 3|2 Blitz"]
[Site "Chess.com"]
[Date "2016.05.03"]
[Round "8"]
[White "oskariot"]
[Black "BartoszSocko"]
[Result "0-1"]
[WhiteElo "2433"]
[BlackElo "2651"]
[TimeControl "180+2"]
[EndTime "12:45:26 PDT"]
[Termination "BartoszSocko won by resignation"]

1. e4 e6 2. d4 d5 3. Nc3 Bb4 4. e5 Ne7 5. a3 Bxc3+ 6. bxc3 c5 7. Nf3 Bd7 8. a4 Qc7 9. Be2 Nbc6 10. O-O O-O 11. Ba3 cxd4 12. cxd4 Rfc8 13. Bd3 Ng6 14. g3 Na5 15. Bd6 Qd8 16. h4 Nc4 17. h5 Nf8 18. h6 gxh6 19. Bb4 f5 20. Kg2 a5 21. Bd2 Be8 22. Rh1 h5 23. Bg5 Qc7 24. Bf6 Nb2 25.
Qd2 Nxd3 26. cxd3 Bg6 27. Qg5 Kf7 28. Rxh5 Ke8 29. Rh6 Qf7 30. Rhh1 Rc3 31. Rac1 Rac8 32. Rxc3 Rxc3 33. Rb1 Rxd3 34. Qc1 Qd7 35. Qc5 f4 36. Rb6 Be4 37. Rd6 Bxf3+ 38. Kh2 fxg3+ 39. fxg3 Rd2+ 40. Kg1 b6 41. Qxb6 Qxa4 42. Qd8+ Kf7 43. Qe7+ Kg6 44. Qg7+ Kf5 45. Qg5+ Ke4 46. Qf4+ Kd3 47. Qxf3+ Kc2 48.
Qf1 Rd1 49. Qxd1+ Kxd1 50. Bg5 Qc2 0-1

[Event "*** Titled Tuesday 3|2 Blitz"]
[Site "Chess.com"]
[Date "2016.05.03"]
[Round "8"]
[White "YaWaleriy"]
[Black "Pomoc"]
[Result "1-0"]
[WhiteElo "2184"]
[BlackElo "2075"]
[TimeControl "180+2"]
[EndTime "12:45:30 PDT"]
[Termination "YaWaleriy won by checkmate"]

1. d4 Nf6 2. c4 g6 3. Nc3 d5 4.
Nf3 Bg7 5. Bg5 Ne4 6. cxd5 Nxg5 7. Nxg5 e6 8. Nf3 exd5 9. e3 O-O 10. Be2 b6 11. O-O Bb7 12. Qb3 c6 13. Rfd1 Ba6 14. Rac1 Re8 15. Bxa6 Nxa6 16. Qa4 Nb8 17. b4 b5 18. Qb3 a5 19. a4 axb4 20. Qxb4 Bf8 21. Qb3 b4 22. Ne2 Qa5 23. Ra1 Nd7 24. Rdc1 Rec8 25.
Nf4 Nb6 26. Ne5 Nxa4 27. Nxc6 Qb5 28. Qxd5 Qb6 29. g3 Nc3 30. Rxa8 Rxa8 31. Ne7+ Bxe7 32. Qxa8+ Kg7 33. Nd5 Ne2+ 34. Kg2 Qb5 35. Rc8 Bd6 36. Rg8+ Kh6 37. Qc8 Qxd5+ 38. f3 f5 39. Qd7 Nxd4 40. Qg7+ Kh5 41. Qxh7+ Kg5 42. Qh4# 1-0

[Event "*** Titled Tuesday 3|2 Blitz"]
[Site "Chess.com"]
[Date "2016.05.03"]
[Round "8"]
[White "Inopov"]
[Black "Journey_to_GrandMaster_YT"]
[Result "1-0"]
[WhiteElo "2476"]
[BlackElo "2346"]
[TimeControl "180+2"]
[EndTime "12:45:38 PDT"]
[Termination "Inopov won by resignation"]

1. e4 d6 2. d4 Nf6 3. Nc3 e5 4. Nf3 Nbd7 5. Bc4 Be7 6. O-O O-O 7. a4 c6 8. Re1 a5 9. Be3 Ng4 10. Bd2 Qb6 11. Bg5 Bxg5 12. Nxg5 exd4 13. Qxg4 Nf6 14. Qg3 dxc3 15. Qxc3 h6 16. Nf3 d5 17. exd5 cxd5 18. Bb3 Be6 19. Nd4 Rac8 20. Qe3 Ne4 21. Rad1 Nc5 22. Nb5 Rfe8 23. c3 Qd8 24. Bc2 Qb6 25. Qg3 Bd7 26. Nd6 Rxe1+ 27. Rxe1 Rf8 28. Bf5 Qc7 29.
Bxd7 Nxd7 30. Re7 d4 31. Nf5 Qxg3 32. hxg3 Nc5 33. cxd4 Nxa4 34. Rxb7 Re8 35. Rb5 Re1+ 36. Kh2 Re2 37. d5 Nxb2 38. d6 Rd2 39. d7 Nc4 40.
Rb8+ Kh7 41. d8=Q Rxd8 42. Rxd8 Kg6 43. Ne3 Ne5 44. Rd5 f6 45. Rxa5 1-0

[Event "*** Titled Tuesday 3|2 Blitz"]
[Site "Chess.com"]
[Date "2016.05.03"]
[Round "8"]
[White "UltimateCrusher2"]
[Black "chess960now"]
[Result "1/2-1/2"]
[WhiteElo "2095"]
[BlackElo "1984"]
[TimeControl "180+2"]
[EndTime "12:45:41 PDT"]
[Termination "Game drawn by repetition"]

1. b3 d5 2. Bb2 Nf6 3. Nf3 Bf5 4. g3 e6 5. Bg2 Bd6 6. O-O O-O 7. d3 c5 8. c4 Nc6 9. Nbd2 d4 10. a3 a5 11. Qc2 e5 12. e3 Re8 13.
e4 Bd7 14. Nh4 Rb8 15. Nf5 Bf8 16. Nf3 g6 17. N5h4 b5 18. cxb5 Rxb5 19. Nd2 Be6 20. Rab1 Qb8 21. Ba1 Bh6 22. Nc4 Nd7 23. Nf3 Qc7 24.
Rb2 Reb8 25. Rfb1 Bf8 26. Ng5 Bxc4 27. Qxc4 Nd8 28. Rf1 R5b7 29. f4 Nb6 30. Qc2 Qd7 31. fxe5 Bh6 32. Nf3 Be3+ 33. Kh1 a4 34. b4 c4 35. dxc4 d3 36. Qc3 Ne6 37. Rd1 Rd8 38. Rbb1 Rc7 39. c5 Nc8 40. Ne1 d2 41. Nf3 Bh6 42.
Rb2 Ne7 43. Nxd2 Nc6 44. Bf3 Ncd4 45. Nc4 Qe8 46. Nd6 Rxd6 47. exd6 Nxf3 48. Qxf3 Rc8 49. Rf2 Ng5 50. Qf6 Qxe4+ 51. Kg1 Nh3+ 52. Kf1 Qh1+ 53.
Ke2 Qe4+ 54. Kf1 Qh1+ 55. Ke2 Qe4+ 56. Kf1 Qh1+ 57. Ke2 1/2-1/2

[Event "*** Titled Tuesday 3|2 Blitz"]
[Site "Chess.com"]
[Date "2016.05.03"]
[Round "8"]
[White "Carolina-moon"]
[Black "chesstatour"]
[Result "0-1"]
[WhiteElo "2037"]
[BlackElo "2027"]
[TimeControl "180+2"]
[EndTime "12:45:51 PDT"]
[Termination "chesstatour won by checkmate"]

1. e4 c6 2. c4 d5 3. exd5 cxd5 4. cxd5 Nf6 5. Qa4+ Nbd7 6. Nc3 g6 7. Nf3 Bg7 8. Bc4 O-O 9. Qb3 Nb6 10. d3 a5 11. a4 Qd6 12. Be3 Nxc4 13. dxc4 Qb4 14. Qa2 e6 15. O-O exd5 16. cxd5 Bg4 17. Rad1 Bxf3 18. gxf3 Nh5 19. Ne4 b6 20. Rd3 Rfd8 21.
Rfd1 Rac8 22. Rb3 Qc4 23. Rc1 Qxc1+ 24. Bxc1 Rxc1+ 25. Kg2 Nf4+ 26. Kg3 Be5 27. Rc3 Rg1+ 28. Kh4 h6 29. Ng3 f5 30. d6+ Kg7 31. Nxf5+ Kf6 32.
Ng3 Ng2+ 33. Kh3 Nf4+ 34. Kh4 h5 35. Nxh5+ gxh5 36. Rc7 Rf8 37. Qb3 Ng6+ 38. Kh3 Nf4+ 39. Kh4 Kf5 40. Qc2+ Kf6 41. Qh7 Ng6+ 42. Kh3 Nf4+ 43.
Kh4 Ng6+ 44. Kh3 Nf4+ 45. Kh4 Ng6+ 46. Kxh5 Rh8 47. Rf7+ Ke6 48. Re7+ Kxd6 49. Qxh8 Nxh8 50. Rh7 Ng6 51. f4 Nxf4+ 52. Kh4 Bf6# 0-1

[Event "*** Titled Tuesday 3|2 Blitz"]
[Site "Chess.com"]
[Date "2016.05.03"]
[Round "8"]
[White "Mischuk_D"]
[Black "Usurpov"]
[Result "1-0"]
[WhiteElo "2456"]
[BlackElo "2332"]
[TimeControl "180+2"]
[EndTime "12:45:58 PDT"]
[Termination "Mischuk_D won by resignation"]

1. e4 c5 2. Nf3 Nc6 3. d4 cxd4 4.
Nxd4 e5 5. Nb5 a6 6. Nd6+ Bxd6 7.
Qxd6 Qe7 8. Qa3 Nf6 9. Bd3 d5 10. Qxe7+ Nxe7 11. Nc3 Be6 12. Bg5 Nxe4 13. Nxe4 dxe4 14.
Bxe4 f6 15. Bd2 Bd5 16. Bxd5 Nxd5 17. O-O-O O-O-O 18. Ba5 b6 19. Be1 Kb7 20. b3 Kc6 21. g3 h5 22. c4 Ne7 23. Bb4 Nf5 24. Bc3 a5 25. Kb2 Kc5 26. h4 Rhe8 27. Rhe1 Ne7 28. Rxd8 Rxd8 29. f4 Nc6 30. fxe5 fxe5 31. Bxe5 Rd2+ 32. Kb1 Nb4 33. Bc3 Rg2 34. a3 Nd3 35.
Re3 Nf2 36. Bxg7 a4 37. Bf8+ Kd4 38. Rf3 Nd3 39. Bg7+ Ke4 40. Rf1 axb3 41. Bc3 Rc2 42. Bf6 Re2 43. Rg1 Nf2 44. Bc3 Ng4 45. Re1 Rxe1+ 46.
Bxe1 Kd4 47. Kb2 Kxc4 48. Bd2 b5 49. Bb4 Nf2 50. Be7 Nd3+ 51. Kb1 Ne5 52. Bf6 Ng4 53.
Bg7 Nf2 54. Kc1 Ng4 55. Kd2 b2 56. Bxb2 Kb3 57. Bc1 Nf2 58. Ke3 Ng4+ 59. Kf4 Nf2 60. Kf3 Nd3 61. Bd2 Kxa3 62. Ke4 Nf2+ 63. Kf5 Kb3 64.
Kg6 Ne4 65. Bf4 Kc4 66. Kxh5 b4 67. Kg4 b3 68. Bc1 Kc3 69. h5 Nf6+ 70. Kg5 Ng8 71. h6 Kc2 72. Ba3 Kb1 73. h7 1-0

[Event "*** Titled Tuesday 3|2 Blitz"]
[Site "Chess.com"]
[Date "2016.05.03"]
[Round "8"]
[White "sorito"]
[Black "Makalexa"]
[Result "0-1"]
[WhiteElo "2198"]
[BlackElo "2142"]
[TimeControl "180+2"]
[EndTime "12:46:00 PDT"]
[Termination "Makalexa won by resignation"]

1. d4 Nf6 2. Nf3 c5 3. c4 cxd4 4. Nxd4 e5 5. Nc2 d5 6. cxd5 Qxd5 7. Qxd5 Nxd5 8. e4 Nb4 9. Bb5+ N8c6 10. Nxb4 Bxb4+ 11. Bd2 Bd7 12. Bxc6 Bxd2+ 13. Nxd2 Bxc6 14. f3 Ke7 15. Nc4 Ke6 16. Na5 Rac8 17. Kf2 b6 18. Nxc6 Rxc6 19. Rac1 Rhc8 20. Rxc6+ Rxc6 21. Re1 Rc2+ 22. Re2 Rc1 23. Ke3 h5 24. Kd2 Ra1 25. a3 Rb1 26.
Kc2 Rg1 27. Rd2 h4 28. h3 g6 29. Kc3 f5 30. Re2 Rd1 31. Kc4 a6 32. a4 Rc1+ 33. Kd3 Rd1+ 34. Kc2 Rd4 35. b3 Kf6 36. Kc3 Kg5 37.
exf5 Kxf5 38. b4 a5 39. bxa5 bxa5 40. Kb3 Rb4+ 41. Ka3 Kf4 42. Re1 g5 43. Re2 Rd4 44. Kb3 Rb4+ 45. Ka3 e4 46. fxe4 Rxe4 47. Rf2+ Kg3 48.
Rf5 g4 49. hxg4 Rxg4 50. Rxa5 Kxg2 51. Rh5 h3 52. a5 h2 53. a6 h1=Q 54. Rxh1 Kxh1 55.
Kb3 Rg6 56. a7 Ra6 0-1

[Event "*** Titled Tuesday 3|2 Blitz"]
[Site "Chess.com"]
[Date "2016.05.03"]
[Round "8"]
[White "dretch"]
[Black "Smirnov_Pavel"]
[Result "1-0"]
[WhiteElo "2596"]
[BlackElo "2507"]
[TimeControl "180+2"]
[EndTime "12:46:12 PDT"]
[Termination "dretch won on time"]

1. d4 d5 2. c4 e6 3. Nc3 c6 4. e3 Nf6 5. Nf3 Nbd7 6. Bd3 dxc4 7. Bxc4 b5 8. Be2 Bb7 9. O-O b4 10. Na4 Be7 11. Qc2 O-O 12. Rd1 Qc7 13. e4 c5 14. e5 Be4 15. Bd3 Bxd3 16. Qxd3 Nd5 17. Bg5 c4 18. Qc2 Rfc8 19. Bxe7 Nxe7 20. Ng5 Ng6 21. Ne4 Nb6 22. Nd6 Rcb8 23. Nc5 Nxe5 24. Nde4 Ng4 25. h3 Qh2+ 26. Kf1 Nh6 27. Ng5 g6 28. Qe4 Nf5 29. Nf3 Qd6 30. g4 Ne7 31. Qe3 Ned5 32. Qh6 Qf4 33. Ng5 Nf6 34. Nxf7 Qxh6 35.
Nxh6+ Kf8 36. Nxe6+ Ke7 37. Nc7 Nfd5 38. Nxa8 Rxa8 39. g5 c3 40. Re1+ Kd7 41. bxc3 bxc3 42. Ng4 Rc8 43. Rac1 Na4 44. Nf6+ Kd6 45. Re5 Nb4 46.
Ne4+ Kd7 47. Nc5+ Nxc5 48. Rxc5 Rxc5 49. dxc5 Nd5 50. Ke2 Kc6 51. Kd3 Kxc5 52. h4 a5 53. a3 a4 54. Re1 Kd6 55. Kd4 1-0

[Event "*** Titled Tuesday 3|2 Blitz"]
[Site "Chess.com"]
[Date "2016.05.03"]
[Round "8"]
[White "wonderfultime"]
[Black "Ginger_GM"]
[Result "1-0"]
[WhiteElo "2601"]
[BlackElo "2546"]
[TimeControl "180+2"]
[EndTime "12:46:15 PDT"]
[Termination "wonderfultime won by resignation"]

1. d4 e6 2. c4 b6 3. a3 Bb7 4. Nc3 g6 5. Nf3 Bg7 6. Bf4 d6 7. e3 Nd7 8. Be2 Ne7 9. O-O h6 10. b4 g5 11. Bg3 O-O 12. Rc1 f5 13. h3 Ng6 14. Nd2 f4 15. Bh2 e5 16. Bf3 Bxf3 17. Nxf3 h5 18. Ne4 g4 19. Nfg5 Bh6 20. exf4 exf4 21.
Ne6 Qh4 22. Rc3 Nf6 23. Nxf6+ Rxf6 24. Nxc7 Raf8 25. Nd5 R6f7 26. Qd3 Kg7 27. Qe4 f3 28. Bg3 Qd8 29. hxg4 fxg2 30. Kxg2 h4 31. Bh2 Bf4 32. Rf3 Qg5 33. Ne3 h3+ 34. Kh1 Bxh2 35. Nf5+ Rxf5 36.
Rxf5 Rxf5 37. Qxf5 Bf4 38. Qd7+ Kh6 39. Re1 Qh4 40.
Re2 h2 41. Qf5 b5 42. Re6 Qg5 43. Rxg6+ Qxg6 44. Qxf4+ Kg7 45. cxb5 Qd3 46. Kxh2 Qxb5 47.
Qxd6 Qd3 48. Qe5+ Kg8 49. Qe6+ Kg7 50. Qe5+ Kg8 51. Qg5+ Kh8 52. Qf6+ Kg8 53. g5 Qe2 54. g6 Qh5+ 55. Kg3 Qd5 56. Qf7+ 1-0

[Event "*** Titled Tuesday 3|2 Blitz"]
[Site "Chess.com"]
[Date "2016.05.03"]
[Round "8"]
[White "Lupul_Cenusiu"]
[Black "smurfo"]
[Result "1-0"]
[WhiteElo "2451"]
[BlackElo "2523"]
[TimeControl "180+2"]
[EndTime "12:46:20 PDT"]
[Termination "Lupul_Cenusiu won by resignation"]

1. d4 d5 2. Nf3 Nf6 3. c4 dxc4 4. Nc3 a6 5. a4 Bg4 6. e3 e6 7.
Bxc4 Nc6 8. Be2 Bd6 9. h3 Bh5 10. O-O O-O 11. Nd2 Bxe2 12. Qxe2 e5 13. d5 Nb4 14. Qc4 c6 15. dxc6 Rc8 16. Qb3 Rxc6 17.
Nc4 Qe7 18. Rd1 Rfc8 19. Nxd6 Rxd6 20. Bd2 Nd3 21. a5 Qd7 22. Be1 e4 23. Ne2 Rc5 24.
Nd4 Rg5 25. Kf1 Rh5 26. Rxd3 exd3 27. Qxd3 h6 28. Bb4 Rc6 29. Qe2 Rc8 30. Kg1 Rd5 31. Rd1 Qa4 32. Be1 Qc4 33. Qf3 Rd7 34. Bc3 Nd5 35. Nf5 Rcd8 36. Bxg7 Qc2 37. Bd4 Ne7 38. Nxh6+ Kh7 39. Qxf7+ Kxh6 40. Qg7+ Kh5 41. Qg4+ Kh6 42. Qg7+ Kh5 43. g4+ Kh4 44. Kg2 Qe4+ 45. Kg1 Qg6 46. Qe5 Rxd4 47. Qg3+ Kg5 48. exd4 Kh6 49. Re1 Nd5 50.
Qh4+ Kg7 51. Qxd8 Qc6 52. Qg5+ Kf7 53. Re5 Nf6 54. Rf5 Qe6 55. Rxf6+ 1-0

[Event "*** Titled Tuesday 3|2 Blitz"]
[Site "Chess.com"]
[Date "2016.05.03"]
[Round "8"]
[White "tac49"]
[Black "Zurability"]
[Result "1/2-1/2"]
[WhiteElo "2563"]
[BlackElo "2416"]
[TimeControl "180+2"]
[EndTime "12:46:35 PDT"]
[Termination "Game drawn by agreement"]

1. e4 d6 2. d4 Nf6 3. Nc3 e5 4.
Nf3 Nbd7 5. Bc4 Be7 6. O-O O-O 7. a4 c6 8. Qe2 a5 9. Rd1 Qc7 10. h3 Re8 11. Be3 exd4 12. Nxd4 Bf8 13. Nf3 Ne5 14.
Nxe5 dxe5 15. Rd2 Bb4 16. Qf3 Be6 17. Bxe6 Rxe6 18. Rd3 Rd8 19. Rad1 Red6 20. Bg5 Rxd3 21. Rxd3 Rxd3 22. Qxd3 Nd7 23. Be3 Qd6 24. Qxd6 Bxd6 25. Nd1 Bc5 26. Bd2 Bb4 27. c3 Bd6 28. b4 Kf8 29. Kf1 Ke8 30. Ke2 Kd8 31. Kd3 Kc7 32.
Kc4 axb4 33. cxb4 b5+ 34. Kb3 bxa4+ 35. Kxa4 Nb6+ 36. Kb3 c5 37. Ne3 cxb4 38. Bxb4 Bxb4 39. Kxb4 g6 40. Kc5 f6 41. Nd5+ Nxd5 42. Kxd5 Kd7 43. h4 h5 44. g3 Ke7 45. Kc4 Kd6 46.
Kd3 Kc5 47. f4 Kb4 48. f5 gxf5 49. exf5 Kc5 50. g4 Kd6 51. g5 fxg5 52. hxg5 h4 53. Ke4 Ke7 54. Kxe5 h3 55. f6+ Kd7 56. g6 h2 57. g7 h1=Q 58. g8=Q Qe1+ 59. Kf5 Qf1+ 60. Kg6 Qg2+ 61. Kf7 Qd5+ 62. Kf8 Qc5+ 63. Kg7 Qg5+ 64. Kf7 Qd5+ 65. Kg7 Qg5+ 66. Kf7 1/2-1/2

[Event "*** Titled Tuesday 3|2 Blitz"]
[Site "Chess.com"]
[Date "2016.05.03"]
[Round "8"]
[White "kikydu96"]
[Black "alturas_pacificas"]
[Result "0-1"]
[WhiteElo "2274"]
[BlackElo "2182"]
[TimeControl "180+2"]
[EndTime "12:46:35 PDT"]
[Termination "alturas_pacificas won by resignation"]

1. e4 g6 2. d4 Bg7 3. Nc3 d6 4. Be2 Nd7 5. h4 h5 6. Nf3 a6 7.
a4 b6 8. Ng5 Nh6 9. Bc4 O-O 10.
f3 Bb7 11. Be3 e5 12. Qd2 exd4 13. Bxd4 Ne5 14. Bb3 c5 15. Bxe5 dxe5 16. Bd5 Bxd5 17. Nxd5 Qd6 18. O-O-O f6 19. Nh3 Nf7 20. Kb1 b5 21.
Qa5 bxa4 22. Nc7 Qc6 23. Nxa8 Rxa8 24. Rd5 Bf8 25. Rhd1 Rb8 26. Rd7 Rb5 27. Qc7 Qe6 28.
R7d5 a3 29. b3 a5 30. Ka2 a4 31. Nf2 axb3+ 32. cxb3 Qa6 33. Rd7 Qe6 34. R1d3 c4 35. Qxc4 Qxc4 36. bxc4 Rb2+ 37. Ka1 Rxf2 38. Ra7 Rxg2 39.
Ra8 Rc2 40. Rdxa3 Rxc4 41. Kb2 Rc7 42. Rb3 Kg7 43. Rbb8 Bc5 44. Rg8+ Kh7 45. Kb3 Bd4 46. Rgf8 g5 47. hxg5 fxg5 48. Rg8 h4 49. Ra2 Rc3+ 50. Kb4 Rxf3 51. Rf8 Kg7 52. Rc8 g4 53. Rg2 g3 54.
Rcc2 h3 55. Rgd2 g2 56. Rxg2+ hxg2 57. Rxg2+ Kf6 58. Kc4 Ke6 59. Rg6+ Rf6 60. Rg8 Nd6+ 61. Kd3 Rf3+ 62. Ke2 Re3+ 63. Kd2 Nxe4+ 64. Kc2 Nc5 0-1